 Dungeon Crawl Stone Soup version 0.21.1-1-g345015f (webtiles) character file.

446 Fang the Chopper (level 7, 0/44 HPs)
             Began as a Gargoyle Berserker on Apr 23, 2018.
             Was a Priest of Trog.
             Slain by Edmund
             ... wielding a +1 flail of crushing
              (7 damage)
             ... on level 4 of the Dungeon.
             The game lasted 00:05:31 (2915 turns).

Fang the Chopper (Gargoyle Berserker)               Turns: 2915, Time: 00:05:32

Health: 0/44       AC:  9    Str: 22    XL:     7   Next: 3%
Magic:  7/7        EV: 12    Int:  8    God:    Trog [***...]
Gold:   141        SH:  0    Dex:  9    Spells: 6/6 levels left

rFire    . . .     SeeInvis .   e - +2 whip (flame)
rCold    + . .     Gourm    .   (no shield)
rNeg     + . .     Faith    .   f - +2 robe {rC+}
rPois    ∞         Spirit   .   (no helmet)
rElec    +         Reflect  .   (no cloak)
rCorr    .         Harm     .   (no gloves)
MR       .....                  (no boots)
Stlth    +.........             r - amulet of rage
HPRegen  0.14/turn              (no ring)
MPRegen  0.10/turn              (no ring)

@: starving
A: negative energy resistance 1, electricity resistance, unbreathing,
petrification resistance, rot immunity, AC +4
a: Berserk, Trog's Hand, Burn Spellbooks, Renounce Religion, Evoke Berserk Rage


You were on level 4 of the Dungeon.
You worshipped Trog.
Trog was most pleased with you.
You were starving.

You visited 1 branch of the dungeon, and saw 4 of its levels.

You collected 141 gold pieces.

Inventory:

Hand Weapons
 a - a +2 hand axe
 e - a +2 whip of flaming (weapon)
Missiles
 k - 2 poisoned javelins (quivered)
Armour
 b - a +1 animal skin
 f - a +2 robe of cold resistance (worn)
Jewellery
 r - an amulet of rage (around neck)
Wands
 o - a wand of digging (13)
Scrolls
 g - 2 scrolls of magic mapping
 i - a scroll of remove curse
 n - a scroll of enchant armour
Potions
 d - 5 potions of curing
 h - a potion of flight {unknown}
 j - a potion of haste
 l - a potion of magic {unknown}
 m - 3 potions of lignification
 p - a potion of mutation {unknown}
Comestibles
 c - 6 rations


   Skills:
 + Level 4.7 Fighting
 + Level 5.3(5.4) Axes
 + Level 1.3(3.9) Maces & Flails
 + Level 2.2 Armour
 + Level 3.0 Dodging
 + Level 0.9 Stealth


You had 6 spell levels left.
You didn't know any spells.

Dungeon Overview and Level Annotations

Branches:
Dungeon (4/15)
 Temple: D:4-7

Altars:
Makhleb
Uskayaw
The Shining One

Annotations:
D:4 Edmund


Innate Abilities, Weirdness & Mutations

You are resistant to torment.
Your stone body is resilient. (AC +4)
You are immune to poison.
You resist negative energy. (rN+)
You are resistant to electric shocks. (rElec)
You can survive without breathing.
You are immune to petrification.
You are immune to rotting.


Message History

You barely miss Edmund.
Edmund is severely wounded.
Edmund hits you with a flail of crushing.
* * * LOW HITPOINT WARNING * * *
x2 You hit Edmund.
You burn Edmund.
Edmund is severely wounded.
Edmund barely misses you.
You hit Edmund but do no damage.
Edmund is severely wounded.
Edmund barely misses you.
You barely miss Edmund.
Edmund is severely wounded.
You hit Edmund. You burn Edmund.
Edmund is almost dead.
Edmund closely misses you.
Unknown command.
You barely miss Edmund.
Edmund is almost dead.
Edmund hits you with a flail of crushing!
You die...

###+######
#........#
#.#@# #
#.#@####.## #
#..l.......
##.#.....##.##
.#.......###.#
.....(.......#
.#...##.######
##.# #.# ##
#.#


You could see Edmund and an iguana.

Vanquished Creatures
  The ghost of morik the Poker, an amateur MfSk (D:3)
  A centaur (D:4)
  A hound (D:4)
  Jessica (D:3)
  Terence (D:3)
  Natasha (D:3)
  A worker ant (D:4)
  Robin (D:3)
  3 adders
  An adder skeleton (D:3)
  4 worms
  2 dart slugs (D:1)
  2 leopard geckos
  An orc (D:3)
  2 giant cockroaches
  14 goblins
  8 hobgoblins
  4 kobolds
  A quokka (D:3)
  2 ball pythons
  4 bats
  5 frilled lizards
  8 rats
69 creatures vanquished.

Notes
Turn   | Place    | Note
-------+----------+-------------------------------------------
     0 | D:1      | Fang the Gargoyle Berserker began the quest for the Orb.
     0 | D:1      | Reached XP level 1. HP: 14/14 MP: 1/1
   150 | D:1      | Reached XP level 2. HP: 17/19 MP: 2/2
   191 | D:1      | Reached skill level 3 in Axes
   477 | D:1      | Reached XP level 3. HP: 18/23 MP: 3/3
   764 | D:2      | Reached ** piety under Trog
   800 | D:2      | Found a hide-covered altar of Uskayaw.
  1434 | D:2      | Found a burning altar of Makhleb.
  1525 | D:3      | Noticed Natasha
  1530 | D:3      | Killed Natasha
  1530 | D:3      | Reached XP level 4. HP: 16/29 MP: 4/4
  1555 | D:3      | Noticed Terence
  1566 | D:3      | Killed Terence
  1566 | D:3      | Reached skill level 4 in Axes
  1672 | D:3      | Reached XP level 5. HP: 21/33 MP: 5/5
  1705 | D:3      | Noticed Jessica
  1716 | D:3      | Killed Jessica
  1775 | D:3      | Found a glowing golden altar of the Shining One.
  1949 | D:3      | Noticed Robin
  1965 | D:3      | Killed Robin
  2326 | D:3      | Noticed morik's ghost (amateur MfSk)
  2341 | D:3      | Killed morik's ghost
  2341 | D:3      | Reached skill level 5 in Axes
  2341 | D:3      | Reached XP level 6. HP: 24/39 MP: 6/6
  2343 | D:3      | Reached *** piety under Trog
  2723 | D:4      | Reached skill level 1 in Maces & Flails
  2723 | D:4      | Reached XP level 7. HP: 19/44 MP: 7/7
  2881 | D:4      | Noticed Edmund
  2915 | D:4      | Slain by Edmund

Skill      XL: |  1  2  3  4  5  6 |
---------------+-------------------+-----
Axes           | 3 4 5 |  5.3
Dodging        | 2 3 |  3.0
Fighting       | 4 |  4.7
Maces & Flails | 1 |  1.3
Armour         | |  2.2
Stealth        | |  0.9

Action                   |  1- 3 |  4- 6 |  7- 9 || total
-------------------------+-------+-------+-------++-------
Melee: Hand axe          |   110 |    77 |       ||   187
       Whip              |       |    48 |    28 ||    76
Invok: Berserk           |     1 |     3 |       ||     4
       Burn Spellbooks   |       |     1 |       ||     1
  Use: Scroll            |       |    12 |       ||    12
  Eat: Chunk             |     2 |     6 |       ||     8
Armor: Animal skin       |    38 |    21 |       ||    59
       Robe              |       |    14 |     4 ||    18
Dodge: Dodged            |    67 |    81 |    12 ||   160
